 Dungeon Crawl Stone Soup version 0.29.1-1-gd02db6906a (webtiles) character file.

Game seed: 16327923373057006334

114 funnyparkerb the Changer (level 4, -3/28 HPs)
             Began as an Octopode Transmuter on Oct 18, 2022.
             Slain by an orc wizard
             ... wielding a +0 dagger
              (4 damage)
             ... on level 3 of the Dungeon.
             The game lasted 00:05:50 (2631 turns).

funnyparkerb the Changer (Octopode Transmuter)      Turns: 2631, Time: 00:05:51

Health: -3/28      AC:  1    Str:  9    XL:     4   Next: 97%
Magic:  5/7        EV: 13    Int: 15    God:
Gold:   106        SH:  0    Dex: 20    Spells: 1/7 levels left

rFire   . . .      SeeInvis .     - Unarmed
rCold   . . .      Faith    .   (no shield)
rNeg    . . .      Spirit   .   (helmet currently unavailable)
rPois   .          Reflect  .   (no amulet)
rElec   .          Harm     .   j - +6 ring of dexterity
rCorr   .          Rampage  .   (no ring)
Will    .....                   (no ring)
Stlth   ++++......              (no ring)
HPRegen 0.09/turn               (no ring)
MPRegen 0.10/turn               (no ring)
                                (no ring)
                                (no ring)

@: appendages (expiring), wereblooded (expiring), flying
A: tentacle spike 3, almost no armour, amphibious, 8 rings, camouflage 1,
gelatinous body 1, nimble swimmer 1, tentacles
a: End Transformation


You were on level 3 of the Dungeon.
One of your tentacles had grown a beastly spike.
You visited 1 branch of the dungeon, and saw 3 of its levels.

You collected 106 gold pieces.

Inventory:

Jewellery
 j - a +6 ring of dexterity (left tentacle)
Scrolls
 b - a scroll of vulnerability {unknown}
 e - a scroll of silence {unknown}
 f - 5 scrolls of identify {unknown}
 h - a scroll of fog {unknown}
 k - a scroll of fear {unknown}
 l - a scroll of enchant weapon {unknown}
 m - a scroll of enchant armour {unknown}
 o - a scroll of immolation {unknown}
 p - a scroll of amnesia {unknown}
Potions
 a - a potion of lignification
 c - a potion of resistance {unknown}
 d - a potion of curing {unknown}
 g - a potion of attraction {unknown}
 i - a potion of flight
 n - a potion of heal wounds {unknown}
 q - a potion of brilliance {unknown}


   Skills:
 + Level 1.5 Fighting
 - Level 2.0 Dodging
 + Level 3.2 Unarmed Combat
 + Level 2.2 Spellcasting
 - Level 4.0 Transmutations
 - Level 2.0 Poison Magic


You had one spell level left.
You knew the following spells:

 Your Spells              Type           Power      Damage    Failure   Level
a - Beastly Appendage     Tmut           26%        N/A       4%          1
b - Wereblood             Tmut           13%        N/A       6%          2
c - Spider Form           Tmut/Pois      10%        N/A       19%         3

Your spell library contained the following spells:

 Spells                   Type           Power      Damage    Failure   Level
 Sandblast                Erth           2%         2d4       22%         1
 Passwall                 Tmut/Erth      5%         N/A       14%         2
 Stone Arrow              Conj/Erth      2%         3d7       54%         3
 Ice Form                 Ice/Tmut       7%         N/A       67%         4


Dungeon Overview and Level Annotations

Branches:
Dungeon (3/15)

Altars:


Innate Abilities, Weirdness & Mutations

One of your tentacles has grown a beastly spike.
You cannot wear most types of armour.
You are amphibious.
You can wear up to eight rings at the same time.
Your skin changes colour to match your surroundings (Stealth+).
Your rubbery body absorbs attacks. (AC +1, EV +1)
You are camouflaged when in or above water. (Stealth+)
You have tentacles for arms and can constrict up to eight enemies at once.


Message History

Things that are here:
a +0 club; a +0 chain mail You tentacle-slap the orc.
Your grab misses the orc.
The orc is moderately wounded.
The orc hits you with a +0 club.
You tentacle-slap the orc. You grab the orc.
The orc is severely wounded.
You constrict the orc. The orc hits you with a +0 club.
You tentacle-slap the orc.
You feel a bit better.
You kill the orc!
You tentacle-slap the orc. Your grab misses the orc. You squeeze the orc.
The orc is severely wounded.
Something hits you. The orc hits you with a +0 hand axe!
You are too injured to fight recklessly!
You barely miss the orc. You grab the orc.
The orc is severely wounded.
You constrict the orc.
You feel a bit better.
You kill the orc!
Something hits you.
You miss something.
You pierce something.
You squeeze something.
You hear a splashing noise.
You closely miss something. Something hits you.
You tentacle-slap something but do no damage.
Your primal bloodlust is almost over.
Something hits you.
* * * LOW HITPOINT WARNING * * *
You tentacle-slap something but do no damage.
Your tentacle spike misses something.
Your transformation is almost over.
You tentacle-slap something.
Your tentacle spike misses something.
Your squeeze misses something.
You hear a splashing noise.
You barely miss something. Something hits you.
* * * LOW HITPOINT WARNING * * *
You barely miss something.
You pierce something.
Something hits you.
* * * LOW HITPOINT WARNING * * *
It was a potion of flight.
You feel very buoyant.
You fly up into the air.
Something hits you.
You die...

#.......# ####.####
#.## #..#### ####....#
####P.#....##
###...PP#.....#
####P~~~~~.#.....##
#..)@P.P.P~~..##..###
#...{P###PPP#.####...#
#.~~### ##.P#.# #....
#.## ##.#.# #.... #
###.# #.... ### #....
#.... #.... #....


There were no monsters in sight!

Vanquished Creatures
  Crazy Yiuf (D:2)
  3 adders (D:3)
  A dart slug (D:1)
  3 orcs (D:3)
  9 ball pythons
  6 endoplasms
  A giant cockroach (D:1)
  4 goblins
  4 hobgoblins
  3 jackals (D:1)
  5 bats
  A frilled lizard (D:1)
  6 kobolds
  6 rats
53 creatures vanquished.

Vanquished Creatures (others)
  A plant (D:3)
1 creature vanquished.

Grand Total: 54 creatures vanquished

Notes
Turn   | Place    | Note
-------+----------+-------------------------------------------
     0 | D:1      | funnyparkerb the Octopode Transmuter began the quest for
                  | the Orb.
     0 | D:1      | Reached XP level 1. HP: 13/13 MP: 3/3
   221 | D:1      | Reached XP level 2. HP: 18/18 MP: 3/5
   266 | D:1      | Reached skill level 3 in Transmutations
   379 | D:1      | Learned a level 2 spell: Wereblood
   927 | D:1      | Reached XP level 3. HP: 19/23 MP: 4/6
   931 | D:1      | Learned a level 3 spell: Spider Form
  1533 | D:2      | Reached skill level 1 in Poison Magic
  1799 | D:2      | Found a runed translucent door.
  1800 | D:2      | Noticed Crazy Yiuf
  1950 | D:2      | Killed Crazy Yiuf
  1951 | D:2      | Reached XP level 4. HP: 15/28 MP: 3/7
  2105 | D:3      | Reached skill level 4 in Transmutations
  2630 | D:3      | HP: 1/28 [something (3)]
  2631 | D:3      | Slain by an orc wizard

Illustrated notes

Levels and vault maps discovered:
D:1:      minmay_arrival_four_circles, layout_basic,
          hangedman_decor_clover_reticule
D:2:      layout_rooms, minmay_misc_feat_five, uniq_crazy_yiuf_cottage
D:3:      layout_basic, shapermc_ecumenical_altar_hornbeckon,
          saegor_snake_ambush

Skill      XL: |  1  2  3  4 |
---------------+-------------+-----
Transmutations | 3 4 |  4.0
Poison Magic   | 1 2 |  2.0
Fighting       | |  1.5
Dodging        | |  2.0
Unarmed Combat | |  3.2
Spellcasting   | |  2.2

Action                   |  1- 3 |  4- 6 || total
-------------------------+-------+-------++-------
Melee: Unarmed           |    77 |    36 ||   113
       Kick              |    22 |     8 ||    30
       Constrict         |    25 |     9 ||    34
       Tentacles         |    16 |    10 ||    26
       Punch             |     2 |       ||     2
 Cast: Beastly Appendage |    23 |     6 ||    29
       Wereblood         |     5 |     3 ||     8
       Spider Form       |     1 |       ||     1
  Use: Potion            |       |     1 ||     1
 Stab: Sleeping          |     5 |     2 ||     7
Armor: Skin              |     6 |     2 ||     8
Dodge: Dodged            |    52 |    12 ||    64
